 Dungeon Crawl Stone Soup version 0.25-a0-528-g6b7c99946c (webtiles) character file.

Game seed: 12885138831090421203, levelgen mode: deterministic

20276 Flugslaktarn the Cleaver (level 12, -1/118 HPs)
             Began as a Deep Dwarf Fighter on Feb 19, 2020.
             Was a High Priest of Makhleb.
             Slain by a skeletal warrior
             ... wielding a +0 vorpal scimitar
             ... led by a skeletal warrior
              (8 damage)
             ... on level 12 of the Dungeon.
             The game lasted 00:06:43 (7603 turns).

Flugslaktarn the Cleaver (Deep Dwarf Fighter)       Turns: 7603, Time: 00:06:43

Health: -1/118     AC: 24    Str: 31    XL:     12   Next: 43%
Magic:  4/4        EV:  6    Int:  8    God:    Makhleb [*****.]
Gold:   620        SH:  0    Dex:  8    Spells: 11/11 levels left

rFire    + . .     SeeInvis +   f - +1 battleaxe (drain)
rCold    . . .     Gourm    .   (shield currently unavailable)
rNeg     . . .     Faith    .   J - +1 crystal plate armour
rPois    +         Spirit   .   y - +0 helmet
rElec    .         Reflect  .   p - +0 cloak
rCorr    .         Harm     .   (no gloves)
MR       +....                  (no boots)
Stlth    ..........             (no amulet)
HPRegen  0.00/turn              k - +5 ring of strength
MPRegen  0.09/turn              D - ring "Haczeuvo" {+Fly rPois rF+ Dex-4 SInv}

@: non-regenerating
A: damage resistance, heal wounds, sense surroundings 2, no regeneration
a: Heal Wounds, Minor Destruction, Lesser Servant of Makhleb, Major Destruction,
Greater Servant of Makhleb, Renounce Religion, Evoke Flight


You were on level 12 of the Dungeon.
You worshipped Makhleb.
Makhleb was extremely pleased with you.
You were hungry.

You visited 1 branch of the dungeon, and saw 12 of its levels.

You collected 620 gold pieces.

Inventory:

Hand Weapons
 f - a +1 battleaxe of draining (weapon)
   (You found it on level 7 of the Dungeon)
Armour
 p - a +0 cloak (worn)
   (You found it on level 1 of the Dungeon)
 y - a +0 helmet (worn)
   (You found it on level 4 of the Dungeon)
 J - a +1 crystal plate armour (worn)
   (You found it on level 10 of the Dungeon)
Jewellery
 c - an uncursed ring of see invisible {unknown}
   (You found it on level 11 of the Dungeon)
 i - an uncursed ring of fire
   (You found it on level 3 of the Dungeon)
 k - a +5 ring of strength (left hand)
   (You took it off an orc on level 3 of the Dungeon)
 D - the ring "Haczeuvo" (right hand) {+Fly rPois rF+ Dex-4 SInv}
   (You found it on level 8 of the Dungeon)

   [ring of protection from fire]

   It affects your dexterity (-4).
   It protects you from fire.
   It protects you from poison.
   It lets you see invisible.
   It lets you fly.
Wands
 I - a wand of iceblast (8)
   (You found it on level 10 of the Dungeon)
Scrolls
 r - 7 scrolls of identify
 t - 4 scrolls of teleportation
 w - 3 scrolls of remove curse
 z - 2 scrolls of blinking
 B - 2 scrolls of vulnerability
 G - a scroll of fog
Potions
 b - a potion of brilliance
 d - a potion of might
 g - a potion of degeneration
 h - a potion of haste
 j - 3 potions of ambrosia
 l - a potion of berserk rage {unknown}
 n - a potion of magic
 o - 2 potions of flight
 q - 2 potions of curing
 s - a potion of invisibility {unknown}
 u - a potion of lignification
 v - a potion of stabbing {unknown}
 C - a potion of mutation {unknown}
 E - a potion of heal wounds {unknown}
Comestibles
 e - 15 rations


   Skills:
 * Level 10.7 Fighting
 * Level 12.7 Axes
 + Level 9.7 Armour
   Level 8.2 Shields
 + Level 9.8 Invocations


You had 11 spell levels left.
You didn't know any spells.
Your spell library was empty.

Dungeon Overview and Level Annotations

Branches:
Dungeon (12/15)            Temple (0/1) D:5            Lair (0/6) D:11
    Orc (0/2) D:10

Altars:
Cheibriados
Dithmenos
Fedhas
Kikubaaqudgha
Makhleb
Nemelex Xobeh
Ru
Sif Muna
Xom
Yredelemnul
Zin
The Shining One

Shops:
D:5 :

Annotations:
D:6 exclusions: door and 2 more exclusions


Innate Abilities, Weirdness & Mutations

You are resistant to damage.
You can heal yourself by infusing magical energy.
You passively map the area around you.
You do not regenerate.


Message History

You slice the skeletal warrior!!
You destroy the skeletal warrior!
Makhleb accepts your kill.
You are feeling hungry.
You slice the skeletal warrior!!
The skeletal warrior is heavily damaged.
The skeletal warrior hits you but does no damage.
You hit the skeletal warrior but do no damage.
The skeletal warrior is heavily damaged.
The skeletal warrior hits you with a +0 vorpal scimitar!
* * * LOW HITPOINT WARNING * * *
Your crystal plate armour prevents you from hitting the skeletal warrior.
The skeletal warrior is heavily damaged.
The skeletal warrior hits you but does no damage.
You slash the skeletal warrior!
The skeletal warrior is severely damaged.
You slash the skeletal warrior!
The skeletal warrior is almost destroyed.
The skeletal warrior hits you with a +0 vorpal scimitar!
You die...

#.
#..#
..
##.#
####
#.#
...#
#.#
...#
#.#
...#
#.#
...#
#.#
...#
#z#
...#
#@#
...#
#.#
...#
#.#
####
#.# #
#.# ##
#.#
.##
#.##
..#
#..#
#.####
##.#


You could see a skeletal warrior.

Vanquished Creatures
  A hydra (D:11)
  3 skeletal warriors
  2 unseen horrors
  An ugly thing (D:11)
  A cyclops (D:11)
  A manticore (D:11)
  2 centaur zombies
  2 kobold demonologists
  A troll (D:11)
  7 slime creatures
  2 hippogriffs
  Sigmund (D:3)
  A wyvern (D:8)
  A human (D:8)
  7 yaks
  3 hogs (D:8)
  3 steam dragons
  A hungry ghost (D:5)
  4 porcupines (D:11)
  4 black bears
  6 orc warriors
  4 ice beasts
  3 phantoms
  5 sky beasts
  A necrophage (D:11)
  6 ogres
  5 centaurs
  A crocodile (D:11)
  19 big kobolds
  9 bullfrogs
  A wyvern zombie (D:10)
  4 scorpions
  6 killer bees (D:8)
  18 wights
  3 howler monkeys
  6 crimson imps
  A bullfrog zombie (D:5)
  A jelly (D:12)
  8 hounds
  10 orc priests
  7 centaur skeletons
  3 bullfrog skeletons
  8 orc wizards
  10 worker ants
  Terence (D:3)
  A hound zombie (D:6)
  3 hound skeletons
  2 worker ant zombies
  A howler monkey zombie (D:11)
  10 adders
  12 gnolls
  3 shadow imps
  2 oozes
  An adder skeleton (D:6)
  A worm (D:3)
  2 leopard geckos
  44 orcs
  4 bats
  3 giant cockroaches
  6 goblins
  6 hobgoblins
  6 jackals
  11 kobolds
  5 quokkas
  3 frilled lizards (D:2)
  A quokka zombie (D:5)
  7 rats
  A plant (D:11)
329 creatures vanquished.

Vanquished Creatures (collateral kills)
  3 skeletal warriors
  An orc warrior (D:10)
  A wight (D:10)
  An orc priest (D:10)
  An orc wizard (D:10)
  An orc (D:10)
8 creatures vanquished.

Vanquished Creatures (others)
  58 fungi (D:11)
  19 plants (D:11)
77 creatures vanquished.

Grand Total: 414 creatures vanquished

Notes
Turn   | Place    | Note
-------+----------+-------------------------------------------
     0 | D:1      | Flugslaktarn the Deep Dwarf Fighter began the quest for the
                  | Orb.
     0 | D:1      | Reached XP level 1. HP: 20/20 MP: 1/1
   157 | D:2      | Reached XP level 2. HP: 16/27 MP: 2/2
   370 | D:2      | Reached skill level 3 in Axes
   393 | D:2      | Reached XP level 3. HP: 33/33 MP: 3/3
   561 | D:3      | Reached XP level 4. HP: 27/42 MP: 4/4
   774 | D:3      | Noticed Terence
   789 | D:3      | Killed Terence
   860 | D:3      | Reached skill level 4 in Axes
   860 | D:3      | Reached XP level 5. HP: 22/49 MP: 5/5
  1061 | D:3      | Found a basalt altar of Yredelemnul.
  1078 | D:3      | Found a glowing golden altar of the Shining One.
  1145 | D:3      | Noticed Sigmund
  1174 | D:3      | Killed Sigmund
  1174 | D:3      | Reached XP level 6. HP: 44/57 MP: 5/5
  1259 | D:4      | Reached skill level 5 in Axes
  1341 | D:4      | Reached XP level 7. HP: 29/64 MP: 6/6
  1434 | D:4      | Found a burning altar of Makhleb.
  1435 | D:4      | Found a snail-covered altar of Cheibriados.
  1435 | D:4      | Found a shimmering blue altar of Sif Muna.
  1435 | D:4      | Found a shadowy altar of Dithmenos.
  1506 | D:4      | Became a worshipper of Makhleb the Destroyer
  1512 | D:4      | Found a sparkling altar of Nemelex Xobeh.
  1512 | D:4      | Found a sacrificial altar of Ru.
  1589 | D:4      | Reached skill level 5 in Shields
  1669 | D:4      | Reached skill level 5 in Armour
  1790 | D:4      | Reached skill level 6 in Axes
  1790 | D:4      | Reached skill level 1 in Invocations
  1960 | D:5      | Entered Level 5 of the Dungeon
  1960 | D:5      | Noticed a hungry ghost
  2001 | D:5      | Killed a hungry ghost
  2036 | D:5      | Reached XP level 8. HP: 57/73 MP: 7/7
  2094 | D:5      | Found Imalebu's Book Boutique.
  2155 | D:5      | Reached * piety under Makhleb
  2155 | D:5      | Reached skill level 5 in Fighting
  2249 | D:5      | Reached skill level 7 in Axes
  2256 | D:5      | Found a staircase to the Ecumenical Temple.
  2740 | D:6      | Found a shadowy altar of Dithmenos.
  2839 | D:6      | Found a glowing silver altar of Zin.
  2843 | D:6      | Noticed an angel
  2854 | D:6      | Found a shimmering altar of Xom.
  2881 | D:6      | Reached ** piety under Makhleb
  2994 | D:6      | Gained mutation: You passively map the area around you.
                  | [Deep Dwarf growth]
  2994 | D:6      | Reached XP level 9. HP: 78/82 MP: 8/8
  3152 | D:6      | Identified the cursed +3 whip "Teux" {antimagic, Str+2
                  | Int-3 Dex+3}
  3318 | D:7      | Reached skill level 8 in Axes
  3552 | D:7      | Reached skill level 5 in Invocations
  3604 | D:7      | Found a sparkling altar of Nemelex Xobeh.
  3904 | D:8      | Reached skill level 9 in Axes
  4014 | D:8      | Got a serpentine granite ring
  4040 | D:8      | Reached *** piety under Makhleb
  4109 | D:8      | Reached XP level 10. HP: 57/94 MP: 8/8
  4714 | D:9      | Found an ancient bone altar of Kikubaaqudgha.
  4726 | D:9      | Found a blossoming altar of Fedhas.
  4789 | D:9      | Reached skill level 10 in Axes
  5342 | D:10     | Entered Level 10 of the Dungeon
  5363 | D:10     | Reached **** piety under Makhleb
  5488 | D:10     | Identified the ring "Haczeuvo" {+Fly rPois rF+ Dex-4 SInv}
                  | (You found it on level 8 of the Dungeon)
  5495 | D:10     | Reached XP level 11. HP: 104/104 MP: 6/6
  5526 | D:10     | Noticed an unseen horror
  5527 | D:10     | Noticed a skeletal warrior
  5530 | D:10     | Noticed a skeletal warrior
  5531 | D:10     | Noticed a skeletal warrior
  5531 | D:10     | Noticed a skeletal warrior
  5534 | D:10     | Noticed a skeletal warrior
  5584 | D:9      | Killed a skeletal warrior
  5590 | D:9      | Killed a skeletal warrior
  5905 | D:10     | Killed a skeletal warrior
  5963 | D:10     | Killed an unseen horror
  5963 | D:10     | Reached skill level 11 in Axes
  6242 | D:10     | Reached ***** piety under Makhleb
  6264 | D:10     | Killed a skeletal warrior
  6302 | D:10     | Found a staircase to the Orcish Mines.
  6462 | D:11     | Found a shimmering altar of Xom.
  6468 | D:11     | Noticed a white ugly thing
  6483 | D:11     | Killed a white ugly thing
  6567 | D:11     | Noticed a seven-headed hydra
  6587 | D:11     | Killed a 13-headed hydra
  6879 | D:11     | Reached skill level 10 in Fighting
  6913 | D:11     | Reached skill level 12 in Axes
  6928 | D:11     | Reached XP level 12. HP: 116/116 MP: 4/4
  6946 | D:11     | Found a staircase to the Lair.
  7603 | D:12     | Slain by a skeletal warrior

Levels and vault maps discovered:
D:1:      dpeg_arrival_refuge, layout_basic
D:2:      layout_basic, first_ration, serial_park_tiny_2,
          uniq_crazy_yiuf_cottage
D:3:      layout_loops_corners, grunt_temple_overflow_holy_war, uniq_terence,
          uniq_sigmund
D:4:      layout_gridville, minmay_overflow_temple_hex
D:5:      corexii_shack_village, layout_loops_ring,
          minmay_temple_entry_large_hall, serial_shops, shop, st_stairs_8
D:6:      layout_basic, grunt_temple_overflow_order_and_chaos_1,
          nicolae_lava_and_water, nicolae_dithmenos_the_darkroom
D:7:      layout_basic, nemelex_dance_club_becter
D:8:      layout_loops_cross, grunt_livestock
D:9:      cheibrodos_steamvent, layout_loops_ring,
          grunt_temple_overflow_growth_and_decay
D:10:     layout_rooms, david_orc_4, special_room [special_room_kobold]
D:11:     layout_basic, due_lair_maze_entry_diamond, basic_altar
D:12:     layout_roguey

Skill      XL: |  1  2  3  4  5  6  7  8  9 10 11 |
---------------+----------------------------------+-----
Axes           | 3 4 5 6 7 9 10 12 | 12.7
Fighting       | 3 4 6 7 8 10 | 10.7
Shields        | 4 5 6 7 8 |  8.2
Armour         | 4 5 6 7 8 9 |  9.7
Invocations    | 2 4 5 7 9 |  9.8

Action                   |  1- 3 |  4- 6 |  7- 9 | 10-12 || total
-------------------------+-------+-------+-------+-------++-------
Melee: War axe           |    28 |    80 |   400 |   246 ||   754
       Hand axe          |    44 |    71 |       |       ||   115
       Battleaxe         |       |       |       |   392 ||   392
Invok: Lesser Servant of |       |       |       |     4 ||     4
 Abil: Heal Wounds       |     1 |     8 |    13 |    31 ||    53
Evoke: Wand              |       |       |       |     2 ||     2
  Use: Scroll            |       |       |    12 |     8 ||    20
       Potion            |       |       |     1 |     4 ||     5
  Eat: Chunk             |       |     2 |    11 |    12 ||    25
       Ration            |       |       |     3 |       ||     3
Armor: Scale mail        |    24 |    64 |    75 |       ||   163
       Chain mail        |       |       |   211 |    94 ||   305
       Crystal plate arm |       |       |       |   423 ||   423
       Skin              |       |       |       |     8 ||     8
Dodge: Dodged            |    20 |    59 |   170 |   203 ||   452
Block: Kite shield       |    41 |    77 |   308 |   187 ||   613

Table legend:
 A = Non-vault XP
 B = Vault XP
 C = Vault XP percentage of total XP
 D = Non-vault monster count
 E = Vault monster count
 F = Vault count percentage of total count
                 A         B        C        D         E       F
            +---------+---------+-------+---------+---------+-------
      Total |   23073 |    5893 |  20.3 |     265 |      71 |  21.1
            +---------+---------+-------+---------+---------+-------
        D:1 |       3 |       0 |   0.0 |       2 |       0 |   0.0
        D:2 |      39 |       0 |   0.0 |      11 |       0 |   0.0
        D:3 |     171 |     244 |  58.8 |      28 |       2 |   6.7
        D:4 |     599 |       0 |   0.0 |      25 |       0 |   0.0
        D:5 |     800 |     202 |  20.2 |      20 |      12 |  37.5
        D:6 |    1018 |       0 |   0.0 |      27 |       0 |   0.0
        D:7 |    1183 |     129 |   9.8 |      13 |       2 |  13.3
        D:8 |    1929 |     999 |  34.1 |      26 |       5 |  16.1
        D:9 |    1954 |     364 |  15.7 |      19 |       2 |   9.5
       D:10 |    5184 |    2670 |  34.0 |      39 |      37 |  48.7
       D:11 |    5362 |    1285 |  19.3 |      38 |      11 |  22.4
       D:12 |    4831 |       0 |   0.0 |      17 |       0 |   0.0
            +---------+---------+-------+---------+---------+-------
